 Dungeon Crawl Stone Soup version 0.23.2 (webtiles) character file.

Game seed: 8022996462791594723

32818 Menchi the Fighter (level 13, 0/122 HPs)
             Began as a Ghoul Fighter on Apr 7, 2019.
             Was a Priest of Nemelex Xobeh.
             Slain by a yak (6 damage)
             ... on level 11 of the Dungeon.
             The game lasted 00:44:41 (10453 turns).

Menchi the Fighter (Ghoul Fighter)                 Turns: 10453, Time: 00:44:42

Health: 0/122      AC: 22    Str: 30    XL:     13   Next: 67%
Magic:  25/25      EV: 12    Int: 14    God:    Nemelex Xobeh [***...]
Gold:   314        SH:  4    Dex: 10    Spells: 12/12 levels left

rFire    + + .     SeeInvis .   g - +5 war axe
rCold    + + .     Gourm    .   (no shield)
rNeg     + + +     Faith    .   D - +1 chain mail of Yneuxef {Dex+2}
rPois    ∞         Spirit   .   v - +3 hat of Pondering {ponderous, MR+ MP+10 Int+5}
rElec    +         Reflect  +   y - +2 cloak {MR+}
rCorr    +         Harm     .   k - +2 pair of gloves
MR       ++...                  (no boots)
Stlth    ..........             h - +4 amulet of reflection
HPRegen  0.00/turn              b - ring of protection from fire
MPRegen  0.19/turn              d - +6 ring of strength

@: brilliant, resistant, rotting, slow
A: rotting body, claws 1, carnivore, cold resistance 1, negative energy
resistance 3, inhibited regeneration, torment resistance, unbreathing
a: Draw Escape, Draw Destruction, Draw Summoning, Triple Draw, Renounce Religion


You were on level 11 of the Dungeon.
You worshipped Nemelex Xobeh.
Nemelex Xobeh was most pleased with you.
You were not hungry.

You visited 3 branches of the dungeon, and saw 14 of its levels.
You also visited: Sewer.

You collected 1359 gold pieces.
You spent 1045 gold pieces at shops.

Inventory:

Hand Weapons
 g - a +5 war axe (weapon)
 z - the +7 Spriggan's Knife {stab, EV+4 Stlth+}
   (You found it on level 8 of the Dungeon)

   It affects your evasion (+4).
   It makes you more stealthy.
Armour
 k - a +2 pair of gloves (worn)
 t - a +4 chain mail
 v - the +3 hat of Pondering (worn) {ponderous, MR+ MP+10 Int+5}
   (You took it off Gastronok on level 8 of the Dungeon)

   It affects your intelligence (+5).
   It affects your resistance to hostile enchantments.
   It affects your magic capacity (+10).
 y - a +2 cloak of magic resistance (worn)
 D - the +1 chain mail of Yneuxef (worn) {Dex+2}
   (You bought it in a shop on level 2 of the Orcish Mines)

   It affects your dexterity (+2).
Jewellery
 b - a ring of protection from fire (left hand)
 d - a +6 ring of strength (right hand)
 h - a +4 amulet of reflection (around neck)
Wands
 i - a wand of clouds (1)
 p - a wand of random effects (14)
 q - a wand of iceblast (10)
 A - a wand of enslavement (3)
 B - a wand of flame (34)
Scrolls
 e - 7 scrolls of remove curse
 j - a scroll of enchant weapon
 o - 3 scrolls of random uselessness
 s - a scroll of magic mapping
 C - 2 scrolls of blinking
Potions
 m - a potion of magic
 n - 4 potions of brilliance
 r - a potion of lignification
 u - a potion of berserk rage {unknown}
 w - 2 potions of ambrosia {unknown}
Comestibles
 f - 13 rations


   Skills:
 * Level 13.1 Fighting
 - Level 2.5 Short Blades
 * Level 12.1 Axes
 - Level 8.8 Armour
 - Level 7.8 Dodging
   Level 2.6 Shields
 - Level 5.1 Invocations
 - Level 4.4 Evocations


You had 12 spell levels left.
You didn't know any spells.
Your spell library contained the following spells:

 Spells                   Type           Power        Failure   Level  Hunger
 Sting                    Conj/Pois      #...         13%         1    ##.....
 Poisonous Vapours        Pois/Air       #.....       19%         2    ###....
 Mephitic Cloud           Conj/Pois/Air  #.......     32%         3    ####...
 Olgreb's Toxic Radiance  Pois           #.......     67%         4    #####..
 Venom Bolt               Conj/Pois      #.........   92%         5    ######.
 Malign Gateway           Summ/Tloc      #.........   100%        7    #######
 Monstrous Menagerie      Summ           #.........   100%        7    #######
 Summon Greater Demon     Summ           #.........   100%        7    #######
 Summon Horrible Things   Summ           #.........   100%        8    #######


Dungeon Overview and Level Annotations

Branches:
Dungeon (11/15)            Temple (1/1) D:5            Lair (0/6) D:10
    Orc (2/2) D:10            Elf (0/3) Orc:2

Altars:
Ashenzari
Dithmenos
Fedhas
Makhleb
Nemelex Xobeh
Okawaru
Qazlal
Sif Muna
Uskayaw
Vehumet
Wu Jian
Zin
The Shining One
Beogh

Shops:
D:4 }   D:9 =   Orc:1 [   Orc:2 (:[*

Annotations:
D:6 2 transporters, grerr's ghost, novice DsAK


Innate Abilities, Weirdness & Mutations

Your body is rotting away.
You thrive on raw meat.
You are immune to poison.
You have sharp fingernails.
You are carnivorous and can eat meat at any time.
Your flesh is cold resistant. (rC+)
You are immune to negative energy. (rN+++)
You do not regenerate when monsters are visible.
You are immune to unholy pain and torment.
You can survive without breathing.


Message History

You closely miss the ogre.
The ogre is severely wounded.
The orc warrior misses you.
You slash the ogre!
You kill the ogre!
The orc warrior barely misses you.
You hit the yak.
The yak is lightly wounded.
The yak gores you but does no damage. The orc warrior barely misses you.
You slash the yak!
The yak is moderately wounded.
You slice the yak!!
The yak is almost dead.
The yak gores you but does no damage.
The orc warrior hits you but does no damage.
Your chain mail of Yneuxef prevents you from hitting the yak.
The yak is almost dead.
The yak gores you.
You die...
Your body disappears without a glow.

.....h. #..........#
...$.o:###.......[..#
._$oo.o)o#..........#
...oYoo#)..o........#
....ooo###....Y...o.#
...$o.o #...O......#
.o.$... #.....oo..h#
....... #########o##
####### #.@Y.#
#######'#####
#...........#
#........|..#
#...<>......#
#...........#
#...........#
#...........#
#...........#


You could see a yak, an orc warrior and a jackal.

Vanquished Creatures
  Gastronok (D:8)
  Snorg (D:10)
  2 orc high priests (Orc:2)
  3 orc knights
  3 orc sorcerers (Orc:2)
  Joseph (D:9)
  Maurice (D:8)
  Psyche (D:8)
  2 trolls
  A queen bee (D:9)
  2 hippogriffs
  2 vampires (D:10)
  A wyvern (D:8)
  8 yaks
  3 hungry ghosts
  A human (Orc:2)
  2 wargs (Orc:2)
  5 porcupines (D:10)
  2 sky beasts
  2 black bears (D:10)
  2 necrophages
  An ice beast (D:7)
  21 orc warriors
  A hornet zombie (D:6)
  10 ogres
  2 centaurs
  3 phantoms (D:5)
  6 bullfrogs
  2 wyvern skeletons
  A scorpion (D:9)
  20 killer bees (D:9)
  A howler monkey (D:10)
  10 wights
  6 crimson imps
  2 centaur zombies
  A bullfrog zombie (D:5)
  16 orc priests
  2 jellies
  A gnoll shaman (D:6)
  5 hounds
  Terence (D:3)
  2 iguanas (D:8)
  19 orc wizards
  3 worker ants
  A killer bee zombie (D:7)
  2 howler monkey zombies
  A river rat (D:3)
  14 adders
  5 gnolls (D:6)
  3 shadow imps
  2 oozes
  An adder skeleton (D:4)
  An adder zombie (D:5)
  3 worms
  4 dart slugs
  6 leopard geckos
  77 orcs
  10 giant cockroaches
  10 goblins
  9 hobgoblins
  4 jackals
  6 quokkas
  8 ball pythons
  6 bats
  17 frilled lizards
  A giant cockroach zombie (D:5)
  6 kobolds
  2 quokka skeletons
  9 rats
  3 fungi (D:10)
  7 plants (D:10)
400 creatures vanquished.

Vanquished Creatures (collateral kills)
  A swamp dragon (Orc:2)
  A wyvern (Orc:2)
  A warg (Orc:2)
  A porcupine (D:10)
  7 orc warriors
  A tengu (shapeshifter) (D:10)
  4 orc priests
  9 orc wizards
  A shadow imp (D:6)
  12 orcs
  4 fungi (D:10)
42 creatures vanquished.

Vanquished Creatures (others)
  An azure jelly (Orc:2)
  2 orc warriors (Orc:2)
  2 orc priests (Orc:2)
  2 ball lightnings (Orc:2)
  3 orcs
  44 fungi (D:10)
  12 plants (D:10)
66 creatures vanquished.

Grand Total: 508 creatures vanquished

Notes
Turn   | Place    | Note
-------+----------+-------------------------------------------
     0 | D:1      | Menchi the Ghoul Fighter began the quest for the Orb.
     0 | D:1      | Reached XP level 1. HP: 19/19 MP: 0/0
     9 | D:1      | Noticed an electric eel
     9 | D:1      | Noticed an electric eel
    96 | D:1      | Reached XP level 2. HP: 26/26 MP: 1/1
   184 | D:1      | Reached XP level 3. HP: 28/33 MP: 2/2
   256 | D:1      | Reached skill level 4 in Fighting
   590 | D:2      | Reached XP level 4. HP: 37/40 MP: 3/3
  1345 | D:3      | Found a hide-covered altar of Uskayaw.
  1366 | D:3      | Reached XP level 5. HP: 28/46 MP: 4/4
  1441 | D:3      | Noticed Terence
  1460 | D:3      | Killed Terence
  1473 | D:3      | Noticed a necrophage
  1486 | D:3      | Killed a necrophage
  1486 | D:3      | Reached skill level 5 in Axes
  1486 | D:3      | Reached XP level 6. HP: 40/55 MP: 5/5
  1623 | D:3      | Found a glowing drain.
  1641 | Sewer    | Entered a sewer
  1656 | Sewer    | Reached skill level 5 in Fighting
  1932 | Sewer    | Reached XP level 7. HP: 47/61 MP: 6/6
  2296 | D:4      | Found Kugom's Gadget Shoppe.
  2495 | D:4      | Found a shattered altar of Ashenzari.
  2778 | D:4      | Found an iron altar of Okawaru.
  2964 | D:5      | Entered Level 5 of the Dungeon
  3073 | D:5      | Reached skill level 5 in Armour
  3210 | D:5      | Found a staircase to the Ecumenical Temple.
  3224 | Temple   | Entered the Ecumenical Temple
  3280 | Temple   | Became a worshipper of Nemelex Xobeh the Trickster
  3535 | D:5      | Found a glowing silver altar of Zin.
  3536 | D:5      | Noticed an angel
  3585 | D:5      | Reached XP level 8. HP: 59/67 MP: 7/7
  3621 | D:5      | Received a gift from Nemelex Xobeh
  3968 | D:5      | Found a stormy altar of Qazlal.
  4274 | D:6      | Found a transporter.
  4275 | D:6      | Noticed grerr's ghost (novice DsAK)
  4277 | D:6      | Identified the +2 great mace of Defiance {crush, *Drain
                  | Int+3 Dex+4}
  4277 | D:6      | Identified the +3 great mace of Yeast {flame, rC- rN++
                  | Str+2}
  4277 | D:6      | Noticed a two-headed ogre
  4280 | D:6      | Found a transporter.
  4429 | D:6      | HP: 3/65 [orc warrior/+0 battleaxe (10)]
  4589 | D:6      | Reached * piety under Nemelex Xobeh
  4601 | D:6      | Received a gift from Nemelex Xobeh
  4693 | D:6      | Reached XP level 9. HP: 74/74 MP: 3/8
  4746 | D:6      | Found an ornate altar of the Wu Jian Council.
  5198 | D:7      | Found a radiant altar of Vehumet.
  5313 | D:7      | Found a blossoming altar of Fedhas.
  5314 | D:7      | Received a gift from Nemelex Xobeh
  5735 | D:8      | Reached skill level 6 in Fighting
  5785 | D:8      | Reached ** piety under Nemelex Xobeh
  5785 | D:8      | Received a gift from Nemelex Xobeh
  5820 | D:8      | Noticed Maurice
  5837 | D:8      | Killed Maurice
  5861 | D:8      | Found a shadowy altar of Dithmenos.
  5882 | D:8      | Reached XP level 10. HP: 65/84 MP: 9/9
  5979 | D:8      | Found the +7 Spriggan's Knife {stab, EV+4 Stlth+}
  6080 | D:8      | Noticed Gastronok
  6156 | D:8      | Killed Gastronok
  6156 | D:8      | Reached skill level 7 in Fighting
  6156 | D:8      | Reached skill level 1 in Evocations
  6189 | D:8      | Reached skill level 10 in Fighting
  6189 | D:8      | Reached skill level 5 in Invocations
  6189 | D:8      | Reached XP level 11. HP: 101/101 MP: 10/13
  6190 | D:8      | Reached XP level 12. HP: 107/107 MP: 10/14
  6237 | D:8      | Noticed Psyche
  6253 | D:8      | Killed Psyche
  6853 | D:9      | Reached skill level 1 in Short Blades
  6906 | D:9      | Found Wuel's Jewellery Shoppe.
  7019 | D:9      | Noticed Joseph
  7073 | D:9      | Reached skill level 10 in Axes
  7093 | D:9      | Killed Joseph
  7156 | D:9      | Found a deep blue altar of Sif Muna.
  7163 | D:9      | Received a gift from Nemelex Xobeh
  7235 | D:9      | Reached skill level 11 in Fighting
  7369 | D:9      | Found a glowing golden altar of the Shining One.
  7632 | D:10     | Entered Level 10 of the Dungeon
  7833 | D:10     | Found a staircase to the Orcish Mines.
  8311 | D:10     | Found a staircase to the Lair.
  8320 | D:10     | Noticed Snorg
  8325 | D:10     | Reached XP level 13. HP: 106/117 MP: 15/15
  8340 | D:10     | Killed Snorg
  8340 | D:10     | Reached skill level 12 in Fighting
  8682 | Orc:1    | Entered Level 1 of the Orcish Mines
  8682 | Orc:1    | Found Feazouh's Armour Shop.
  8710 | Orc:1    | Reached *** piety under Nemelex Xobeh
  9063 | Orc:1    | Received a gift from Nemelex Xobeh
  9210 | D:9      | Bought a +6 ring of strength for 760 gold pieces
  9511 | Orc:2    | Entered Level 2 of the Orcish Mines
  9511 | Orc:2    | Found a staircase to the Elven Halls.
  9654 | Orc:2    | Received a gift from Nemelex Xobeh
  9786 | Orc:2    | Noticed an orc warlord
  9789 | Orc:2    | Noticed an azure jelly
  9789 | Orc:2    | an orc warlord changed into an azure jelly
  9799 | Orc:2    | Killed an azure jelly
  9830 | Orc:2    | Found a roughly hewn altar of Beogh.
  9858 | Orc:2    | Identified the +0 quarterstaff of Embarrassment {freeze,
                  | +Rage rElec rF- Str+3}
  9883 | Orc:2    | Found Coacuel's Book Shoppe.
  9961 | Orc:2    | Found Vennetou's General Store.
 10059 | Orc:2    | Found Etzom's Antique Armour Shoppe.
 10065 | Orc:2    | Bought a scorched chain mail for 285 gold pieces
 10075 | Orc:2    | Identified the +1 chain mail of Yneuxef {Dex+2} (You bought
                  | it in a shop on level 2 of the Orcish Mines)
 10084 | Orc:2    | Found Ucuat's Antique Weapon Shoppe.
 10389 | D:11     | Found a roughly hewn altar of Beogh.
 10398 | D:11     | Reached skill level 13 in Fighting
 10411 | D:11     | HP: 5/122 [orc warrior/+2 scimitar of slicing (12)]
 10411 | D:11     | HP: 1/122 [orc warrior/+2 scimitar of slicing (4)]
 10447 | D:11     | HP: 6/122 [ogre/+0 giant club (7)]
 10453 | D:11     | Slain by a yak

Skill      XL: |  1  2  3  4  5  6  7  8  9 10 11 12 13 |
---------------+----------------------------------------+-----
Axes           | 2 3 4 5 8 9 10 12 | 12.1
Fighting       | 4 5 6 10 11 13 | 13.1
Armour         | 3 6 8 |  8.8
Evocations     | 4 |  4.4
Invocations    | 5 |  5.1
Dodging        | 7 |  7.8
Short Blades   | 2 |  2.5
Shields        | |  2.6

Action                   |  1- 3 |  4- 6 |  7- 9 | 10-12 | 13-15 || total
-------------------------+-------+-------+-------+-------+-------++-------
Melee: War axe           |    93 |   256 |   425 |    26 |   226 ||  1026
       Knife             |       |       |       |   648 |       ||   648
 Abil: Draw Destruction  |       |       |     9 |     4 |    18 ||    31
       Draw Summoning    |       |       |     2 |     2 |     8 ||    12
       Draw Escape       |       |       |       |     3 |       ||     3
Evoke: Wand              |       |       |     5 |     2 |     1 ||     8
  Use: Scroll            |       |       |    10 |     7 |     3 ||    20
       Potion            |       |       |     3 |     5 |     8 ||    16
 Stab: Distracted        |       |       |     1 |       |     3 ||     4
       Sleeping          |       |       |       |     1 |       ||     1
       Petrifying        |       |       |       |       |     1 ||     1
       Petrified         |       |       |       |       |     1 ||     1
  Eat: Chunk             |     6 |    11 |    32 |    39 |    38 ||   126
Armor: Scale mail        |    59 |    35 |       |       |       ||    94
       Crystal plate arm |       |   185 |   261 |       |       ||   446
       Chain mail        |       |       |   106 |   296 |   124 ||   526
Dodge: Dodged            |    67 |    76 |   108 |   471 |   135 ||   857
Block: Other             |     9 |    54 |    79 |   116 |    57 ||   315
       Reflection        |       |       |     2 |     2 |     4 ||     8
